 Dungeon Crawl Stone Soup version 0.23.1 (webtiles) character file.

Game seed: 0

195729 Melestara the Imperceptible (level 17, -3/79 HPs)
             Began as a Spriggan Enchanter on Mar 2, 2019.
             Was the Champion of Ashenzari.
             Engulfed by a cloud of freezing vapour (6 damage)
             ... in an ice cave.
             The game lasted 02:54:42 (43032 turns).

Melestara the Imperceptible (Spriggan Enchanter)   Turns: 43032, Time: 02:54:43

Health: -3/79      AC: 10    Str:  2    XL:     17   Next: 72%
Magic:  29/36      EV: 52    Int: 32    God:    Ashenzari [******]
Gold:   1923       SH: 12    Dex: 22    Spells: 10/44 levels left

rFire    + . .     SeeInvis +   Q - +8 arc blade {discharge, rElec} (curse)
rCold    + . .     Gourm    .   O - +2 buckler (curse)
rNeg     . . .     Faith    .   d - +5 steam dragon scales (curse)
rPois    +         Spirit   .   i - +0 hat {Int+3} (curse)
rElec    +         Reflect  .   a - scarf {repulsion} (curse)
rCorr    +         Harm     .   (gloves unavailable)
MR       ++...     Clarity  +   (boots unavailable)
Stlth    +++++++++.             G - amulet of the acrobat
HPRegen  1.23/turn              T - ring of Rakat {+Fly Int+9 Stlth-} (curse)
MPRegen  0.25/turn              e - ring of poison resistance

@: resistant, acrobat, very slightly contaminated, regenerating, invisible,
repel missiles, very quick
A: very small, unfitting armour, talons 1, see invisible, blink, clever 1,
herbivore, speed 3, mutation resistance 1, slow metabolism 2, weak 1
}: 1/15 runes: gossamer
a: Blink, Curse Item, Scrying, Transfer Knowledge, Renounce Religion, Evoke
Flight


You were in an ice cave.
You worshipped Ashenzari.
Ashenzari was exalted by your worship.
You were not hungry.

You visited 7 branches of the dungeon, and saw 33 of its levels.
You also visited: Sewer, Gauntlet and Ice Cave.

You collected 3418 gold pieces.
You spent 1495 gold pieces at shops.

Inventory:

Hand Weapons
 m - a +0 blowgun
 Q - the cursed +8 arc blade (weapon) {discharge, rElec}
   (You took it off an orc priest on level 10 of the Dungeon)

   It insulates you from electricity.
   It has a curse placed upon it.
Missiles
 q - 79 poisoned needles
Armour
 a - a cursed scarf of repulsion (worn)
 d - cursed +5 steam dragon scales (worn)
 i - a cursed +0 hat of intelligence (worn)
 J - the +0 pair of boots of Bad Feelings {rPois Stlth+}
   (You found it in an ice cave)

   It protects you from poison.
   It makes you more stealthy.
 L - a +0 buckler of cold resistance
 O - a cursed +2 buckler (worn)
Jewellery
 b - a +2 ring of protection
 e - a ring of poison resistance (right hand)
 v - the amulet "Diakaesk" {Faith rPois}
   (You found it on level 2 of the Spider Nest)

   [amulet of faith]

   It allows you to gain divine favour quickly.
   It protects you from poison.
 x - a +4 ring of intelligence
 B - an uncursed ring of wizardry
 C - an uncursed ring of magical power
 G - an amulet of the acrobat (around neck)
 H - the ring "Afixzome" {*Corrode rPois rF- rN+ Str+8}
   (You found it on level 3 of the Shoals)

   [ring of poison resistance]

   It affects your strength (+8).
   It makes you vulnerable to fire.
   It protects you from poison.
   It protects you from negative energy.
   It may corrode you when you take damage.
 T - the cursed ring of Rakat (left hand) {+Fly Int+9 Stlth-}
   (You found it on level 9 of the Dungeon)

   [ring of flight]

   It affects your intelligence (+9).
   It lets you fly.
   It makes you less stealthy.
   It has a curse placed upon it.
Wands
 h - a wand of iceblast (9)
 r - a wand of polymorph (5)
 u - a wand of disintegration (11)
 w - a wand of paralysis (6)
 E - a wand of digging (18)
Scrolls
 c - 24 scrolls of teleportation
 j - a scroll of acquirement
 k - 13 scrolls of identify
 l - a scroll of fog
 n - 4 scrolls of blinking
 p - 5 scrolls of remove curse
 s - 4 scrolls of enchant weapon
 t - 2 scrolls of enchant armour
 y - a scroll of noise {unknown}
 D - a scroll of silence {unknown}
 P - a scroll of fear
Potions
 f - 3 potions of curing
 z - a potion of cancellation
 F - a potion of heal wounds
 I - 3 potions of ambrosia
 K - a potion of brilliance
 M - 3 potions of agility
 S - a potion of magic
 X - 6 potions of lignification
 Z - 4 potions of might
Miscellaneous
 A - a box of beasts
Comestibles
 o - 22 rations


   Skills:
 + Level 4.8 Fighting
 + Level 10.5(14.7) Short Blades
 * Level 16.2(20.1) Dodging
 + Level 24.6(27) Stealth
 + Level 9.0(11.9) Shields
 + Level 14.3 Spellcasting
 + Level 15.2 Hexes
 + Level 1.0 Charms
 + Level 0.6 Translocations
 + Level 6.6 Ice Magic
 + Level 2.5 Evocations


You had 10 spell levels left.
You knew the following spells:

 Your Spells              Type           Power        Failure   Level  Hunger
a - Corona                Hex            #######      0%          1    None
b - Ensorcelled Hibernat  Hex/Ice        ######       1%          2    None
c - Tukima's Dance        Hex            #######.     0%          3    None
d - Confuse               Hex            #######.     0%          3    None
e - Regeneration          Chrm/Necr      ####......   4%          3    None
f - Yara's Violent Unrav  Hex/Tmut       ######....   2%          5    None
g - Song of Slaying       Chrm           ####....     1%          2    None
h - Blink                 Tloc           N/A          2%          2    None
i - Irradiate             Conj/Tmut      ###.......   47%         5    None
j - Swiftness             Chrm/Air       ####....     2%          2    None
k - Invisibility          Hex            #######.     1%          6    ###....

Your spell library contained the following spells:

 Spells                   Type           Power        Failure   Level  Hunger
 Confusing Touch          Hex            ######       0%          1    None
 Animate Skeleton         Necr           N/A          1%          1    None
 Apportation              Tloc           ####..       1%          1    None
 Flame Tongue             Conj/Fire      ###..        1%          1    None
 Infusion                 Chrm           ####         1%          1    None
 Pain                     Necr           ###.         1%          1    None
 Summon Small Mammal      Summ           ###.         1%          1    None
 Shroud of Golubria       Chrm/Tloc      ####......   1%          2    None
 Dazzling Spray           Conj/Hex       ######       1%          3    None
 Spectral Weapon          Hex/Chrm       ######..     1%          3    None
 Cause Fear               Hex            #######...   1%          4    None
 Metabolic Englaciation   Hex/Ice        #######...   1%          5    None
 Darkness                 Hex            #######...   1%          6    ###....
 Summon Mana Viper        Hex/Summ       ######..     2%          5    None
 Passwall                 Tmut/Erth      ###.....     3%          2    None
 Gell's Gravitas          Tloc           ####......   4%          3    None
 Lesser Beckoning         Tloc           ####......   4%          3    None
 Teleport Other           Tloc           ####....     4%          3    None
 Ice Form                 Ice/Tmut       #####...     4%          4    None
 Recall                   Summ/Tloc      N/A          5%          3    None
 Spider Form              Tmut/Pois      ###.......   6%          3    None
 Vampiric Draining        Necr           ###.......   6%          3    None
 Passage of Golubria      Tloc           N/A          16%         4    None
 Animate Dead             Necr           N/A          19%         4    None
 Petrify                  Tmut/Erth      ###.....     19%         4    None
 Summon Forest            Summ/Tloc      ###.......   43%         5    None
 Aura of Abjuration       Summ           ###.......   47%         5    None
 Blade Hands              Tmut           ###.......   47%         5    None
 Lee's Rapid Deconstruct  Erth           ###.......   47%         5    None
 Summon Demon             Summ           ###.......   47%         5    None
 Bolt of Fire             Conj/Fire      ###.......   96%         6    ###....
 Shadow Creatures         Summ           N/A          96%         6    ###....
 Dragon Form              Tmut           ###.......   100%        7    #####..
 Dragon's Call            Summ           ###.......   100%        9    #######


Dungeon Overview and Level Annotations

Branches:
Dungeon (15/15)            Temple (1/1) D:7            Lair (6/6) D:8
 Shoals (4/4) Lair:3       Spider (4/4) Lair:4        Slime (0/5) Lair:5
    Orc (2/2) D:12            Elf (1/3) Orc:2        Vaults (0/5) D:14
 Depths (0/5) D:15

Altars:
Ashenzari
Cheibriados
Dithmenos
Elyvilon
Fedhas
Gozag
Kikubaaqudgha
Makhleb
Nemelex Xobeh
Okawaru
Qazlal
Ru
Trog
Uskayaw
Vehumet
Wu Jian
Xom
Yredelemnul
Zin
The Shining One
Beogh

Shops:
D:5 :   D:7 =   D:10 =   D:13 [   D:15 !   Orc:1 [:*   Orc:2 ?([=}   Shoals:2 (
Shoals:3 *

Annotations:
D:4 exclusions: gnoll and 1 more exclusion
D:6 1 runed translucent door, exclusion: player ghost, Forgol's ghost, novice CeHu
Lair:2 3 runed translucent doors, Norn's ghost, journeyman GrMo
Lair:6 2 exclusions
Orc:1 2 transporters, Philosiphyzer's ghost, journeyman TrMo IceCv exclusion: ice statue


Innate Abilities, Weirdness & Mutations

You are very small and have problems with some larger weapons.
You are too small for most types of armour.
You have supernaturally acute eyesight. (SInv)
You are a herbivore.
You cover ground extremely quickly.
You need to consume almost no food.
You have sharp toenails.
You can translocate small distances at will.
Your mind is acute. (Int +2)
You are somewhat resistant to further mutation.
You are weak. (Str -2)


Message History

You are engulfed in freezing vapours.
You are engulfed in freezing vapours.
* * * LOW HITPOINT WARNING * * *
You feel protected.
You are engulfed in freezing vapours.
You resist.
* * * LOW HITPOINT WARNING * * *
Okay, then.
You are engulfed in freezing vapours.
You resist.
* * * LOW HITPOINT WARNING * * *
Casting: Invisibility (safe; 1% risk of failure)
Confirm with . or Enter, or press ? or * to list all spells.
You blink.
You are engulfed in freezing vapours.
You resist.
* * * LOW HITPOINT WARNING * * *
Casting: Blink (safe; 2% risk of failure)
Confirm with . or Enter, or press ? or * to list all spells.
Your skin crawls.
You start resting.
You are engulfed in freezing vapours.
You resist.
* * * LOW HITPOINT WARNING * * *
You are engulfed in freezing vapours.
You resist.
You die...

###### ###☼§§°### ###§.§§§§§§##
##§°○§###§§@§##
###§§§###.###°°§# ###
##..####....##.○§# #####...
#...##.....##..###### ##.......
#..###............#.###........
##.§§##...##.........#.........
##.§§###########..............
##§§§###≈ ≈≈≈ ####...........
###§§≈#** * ≈ ###.........


There were no monsters in sight!

Vanquished Creatures
  Gastronok (Lair:2)
  The ghost of Amuaxidi the Fencer, an adept FoCK of Xom (Shoals:3)
  Ilsuiw (Shoals:3)
  An orc warlord (Orc:1)
  2 ghost moths (Spider:4)
  2 emperor scorpions (Spider:4)
  6 entropy weavers
  The ghost of OdinFK the Eclecticist, a journeyman DEFE of Vehumet (Shoals:2)
  A minotaur (Gauntlet)
  3 spark wasps (Spider:4)
  7 merfolk impalers
  4 merfolk javelineers
  Snorg (D:14)
  A fire dragon (D:15)
  Josephine (Lair:5)
  Fannar (Lair:2)
  4 merfolk avatars
  8 hydras
  A rakshasa (D:15)
  An alligator snapping turtle (Shoals:3)
  4 two-headed ogres
  2 merfolk aquamancers
  3 satyrs
  2 centaur warriors
  A death yak (Lair:6)
  Erica (D:9)
  3 orc high priests (Orc:2)
  A queen ant (Lair:3)
  Urug (Lair:6)
  Sonja (D:12)
  A deep elf knight (Elf:1)
  A fire crab (Gauntlet)
  10 sea snakes
  4 unseen horrors
  2 kraken simulacra (Shoals:3)
  A deep troll (D:14)
  13 harpies
  7 deep elf magi
  5 orc sorcerers (Orc:2)
  18 orb spiders
  12 wolf spiders
  8 ugly things
  16 fauns
  2 moths of wrath
  16 manticores
  2 cyclopes
  7 merfolk sirens
  An ice statue (IceCv)
  4 centaur zombies
  8 elephants
  2 black mambas (Lair:5)
  A torpor snail (Lair:4)
  Psyche (D:8)
  A gargoyle (D:9)
  A spiny frog (shapeshifter) (D:14)
  5 water nymphs
  14 spiny frogs
  A kobold demonologist (D:12)
  2 freezing wraiths
  2 komodo dragons
  6 rime drakes
  7 demonic crawlers
  6 ice devils
  28 merfolk
  2 polar bears
  7 wind drakes
  9 trolls
  35 jumping spiders
  A queen bee (D:12)
  9 hornets
  6 slime creatures (D:15)
  2 dream sheep (Shoals:2)
  15 hippogriffs
  16 blink frogs
  19 tarantellas
  5 snapping turtles
  10 water elementals
  5 wraiths (Lair:5)
  43 redbacks
  2 shadows
  35 yaks
  4 wyverns
  2 chaos spawn (D:15)
  4 fire bats (Gauntlet)
  5 basilisks
  6 steam dragons
  5 wargs
  2 hungry ghosts
  7 vampire mosquitoes
  18 soldier ants
  3 acid dragons
  9 water moccasins
  27 orc warriors
  A meliai simulacrum (Gauntlet)
  8 porcupines
  A phantom (D:7)
  5 sky beasts
  Purgy (Sewer)
  6 black bears
  2 ice beasts
  An eye of draining (D:14)
  11 ogres
  14 wolves
  A boggart (D:14)
  16 centaurs
  11 crocodiles
  4 big kobolds
  25 bullfrogs
  4 scorpions
  15 killer bees (D:12)
  A water moccasin skeleton (D:10)
  An electric eel (Spider:4)
  2 howler monkeys (D:5)
  A vampire bat (D:4)
  6 crimson imps
  A bullfrog zombie (D:6)
  A quasit (D:9)
  2 wyvern simulacra (Gauntlet)
  2 centaur skeletons
  6 hounds
  14 jellies
  25 orc priests
  A gnoll shaman (D:4)
  2 bullfrog skeletons
  4 iguanas
  42 orc wizards
  39 worker ants
  2 bullfrog simulacra (Gauntlet)
  A hound zombie (D:7)
  3 hound skeletons
  12 gnolls
  13 adders
  2 shadow imps
  5 white imps
  9 ufetubi (IceCv)
  4 oozes
  An adder skeleton (D:9)
  3 worms
  4 dart slugs
  9 leopard geckos
  74 orcs
  A bat skeleton (D:4)
  4 bat zombies (D:4)
  10 giant cockroaches
  7 goblins
  4 hobgoblins
  16 jackals
  9 quokkas
  A ball python (D:6)
  A ball python skeleton (D:6)
  8 bats
  2 frilled lizards (D:1)
  A jackal skeleton (D:4)
  19 kobolds
  2 leopard gecko skeletons
  5 rats
  3 plants (Shoals:2)
1106 creatures vanquished.

Vanquished Creatures (collateral kills)
  A hound skeleton (D:8)
  An orc (D:8)
2 creatures vanquished.

Vanquished Creatures (others)
  A merfolk siren (Shoals:3)
  A merfolk (Shoals:2)
  A wind drake (Shoals:3)
  An orc wizard (Orc:1)
  3 white imps (IceCv)
  2 ufetubi (IceCv)
  8 fungi
  8 plants
25 creatures vanquished.

Grand Total: 1133 creatures vanquished

Notes
Turn   | Place    | Note
-------+----------+-------------------------------------------
     0 | D:1      | Melestara the Spriggan Enchanter began the quest for the
                  | Orb.
     0 | D:1      | Reached XP level 1. HP: 9/9 MP: 5/5
   240 | D:1      | Reached XP level 2. HP: 9/13 MP: 6/6
   244 | D:1      | Learned a level 2 spell: Ensorcelled Hibernation
   374 | D:1      | Reached skill level 5 in Stealth
   766 | D:2      | Found a shadowy altar of Dithmenos.
   849 | D:2      | Found a blossoming altar of Fedhas.
  1059 | D:2      | Reached XP level 3. HP: 16/16 MP: 8/8
  1930 | D:3      | Reached skill level 6 in Stealth
  1981 | D:3      | Reached XP level 4. HP: 21/21 MP: 2/9
  2123 | D:3      | Found an opulent altar of Gozag.
  2206 | D:3      | Found a shimmering altar of Xom.
  2830 | D:3      | Reached skill level 7 in Stealth
  2830 | D:3      | Reached XP level 5. HP: 24/24 MP: 6/11
  2914 | D:4      | Reached skill level 5 in Hexes
  3646 | D:4      | Found an ancient bone altar of Kikubaaqudgha.
  3650 | D:4      | Reached XP level 6. HP: 28/28 MP: 13/13
  3783 | D:4      | Reached skill level 8 in Stealth
  4195 | D:5      | Entered Level 5 of the Dungeon
  4202 | D:5      | Reached skill level 5 in Spellcasting
  4286 | D:5      | Found a glowing drain.
  4297 | Sewer    | Entered a sewer
  4410 | Sewer    | Noticed Purgy
  4417 | Sewer    | Killed Purgy
  4417 | Sewer    | Reached XP level 7. HP: 32/32 MP: 10/16
  4491 | D:5      | Reached skill level 9 in Stealth
  4834 | D:5      | Found a burning altar of Makhleb.
  4834 | D:5      | Found a radiant altar of Vehumet.
  4907 | D:5      | Found a basalt altar of Yredelemnul.
  5496 | D:5      | Reached skill level 10 in Stealth
  5619 | D:5      | Learned a level 3 spell: Tukima's Dance
  5700 | D:5      | Found Kaop Sanamo's Book Emporium.
  6354 | D:6      | Noticed a troll
  6379 | D:6      | Killed a troll
  6379 | D:6      | Reached skill level 11 in Stealth
  6379 | D:6      | Reached XP level 8. HP: 34/37 MP: 7/18
  6914 | D:6      | Found a runed translucent door.
  6914 | D:6      | Noticed Forgol's ghost (novice CeHu)
  7376 | D:7      | Reached skill level 12 in Stealth
  7464 | D:7      | Found a staircase to the Ecumenical Temple.
  7470 | Temple   | Entered the Ecumenical Temple
  7718 | Temple   | Became a worshipper of Ashenzari the Shackled
  8298 | D:7      | Reached skill level 1 in Fighting
  8302 | D:7      | Reached skill level 13 in Stealth
  8302 | D:7      | Reached XP level 9. HP: 21/41 MP: 12/19
  8506 | D:7      | Found Piere's Jewellery Emporium.
  9075 | D:7      | Found a bloodstained altar of Trog.
  9123 | D:7      | Found an iron altar of Okawaru.
  9218 | D:8      | Noticed Psyche
  9227 | D:8      | Killed Psyche
  9306 | D:8      | Found a staircase to the Lair.
  9306 | D:8      | Noticed an elephant
  9330 | D:8      | Killed an elephant
  9330 | D:8      | Reached skill level 14 in Stealth
  9652 | D:8      | Found a sparkling altar of Nemelex Xobeh.
  9672 | D:8      | Reached skill level 5 in Dodging
  9859 | D:8      | Reached XP level 10. HP: 46/46 MP: 15/20
 10086 | D:8      | Reached skill level 15 in Stealth
 10210 | D:8      | Reached skill level 5 in Short Blades
 10354 | D:9      | Noticed Erica
 10368 | D:9      | Killed Erica
 10368 | D:9      | Reached skill level 10 in Hexes
 10425 | D:9      | Reached * piety under Ashenzari
 10797 | D:9      | Noticed a cyan ugly thing
 10797 | D:9      | Noticed a gargoyle
 10798 | D:9      | Identified the ring of Rakat {+Fly Int+9 Stlth-}
 10845 | D:10     | Entered Level 10 of the Dungeon
 11015 | D:9      | Found a stormy altar of Qazlal.
 11036 | D:9      | Reached skill level 16 in Stealth
 11202 | D:9      | Reached skill level 1 in Shields
 11518 | D:9      | Killed a gargoyle
 11520 | D:9      | Killed a cyan ugly thing
 12100 | D:10     | Gained mutation: Your magical capacity is low. (-10% MP)
                  | [potion of mutation]
 12100 | D:10     | Gained mutation: You tend to lose your temper in combat.
                  | [potion of mutation]
 12100 | D:10     | Gained mutation: You are partially covered in slimy green
                  | scales. (AC +2) [potion of mutation]
 12100 | D:10     | Gained mutation: You are partially covered in molten
                  | scales. (AC +2) [potion of mutation]
 12156 | D:10     | Noticed an unseen horror
 12163 | D:10     | Killed an unseen horror
 12163 | D:10     | Reached XP level 11. HP: 45/51 MP: 19/19
 12215 | D:10     | Noticed an unseen horror
 12225 | D:10     | Killed an unseen horror
 12225 | D:10     | Reached skill level 5 in Shields
 12437 | D:10     | Found Vosisk's Jewellery Shop.
 12476 | D:10     | Learned a level 3 spell: Confuse
 13346 | D:11     | Reached ** piety under Ashenzari
 13769 | D:11     | Found a burning altar of Makhleb.
 14433 | D:12     | Noticed a cyan ugly thing
 14443 | D:12     | Killed a cyan ugly thing
 14443 | D:12     | Reached skill level 17 in Stealth
 14651 | D:12     | Found a staircase to the Orcish Mines.
 14665 | D:12     | Reached skill level 1 in Ice Magic
 15154 | D:12     | Noticed a deep elf mage
 15160 | D:12     | Killed a deep elf mage
 15197 | D:12     | Reached XP level 12. HP: 54/56 MP: 17/22
 15324 | D:12     | Noticed an ice dragon
 15544 | D:13     | Identified the +6 hand axe of the Eight Mice {freeze, *Slow
                  | MR++ Stlth+}
 15571 | D:13     | Noticed a six-headed hydra
 15991 | Lair:1   | Entered Level 1 of the Lair of Beasts
 16113 | Lair:1   | Reached *** piety under Ashenzari
 16445 | Lair:1   | Learned a level 3 spell: Regeneration
 16451 | Lair:1   | Learned a level 5 spell: Yara's Violent Unravelling
 16478 | Lair:1   | Noticed a six-headed hydra
 16485 | Lair:1   | Killed a six-headed hydra
 16485 | Lair:1   | Reached skill level 18 in Stealth
 17287 | Lair:2   | Noticed Gastronok
 17334 | Lair:2   | Killed Gastronok
 17654 | Lair:2   | Reached **** piety under Ashenzari
 17676 | Lair:2   | Noticed Norn's ghost (journeyman GrMo)
 17684 | Lair:2   | Noticed Fannar
 17685 | Lair:2   | Found a runed translucent gate.
 17685 | Lair:2   | Found a runed translucent gate.
 17685 | Lair:2   | Found a runed translucent gate.
 17740 | Lair:2   | Reached skill level 19 in Stealth
 18006 | Lair:2   | Killed Fannar
 18006 | Lair:2   | Reached XP level 13. HP: 38/59 MP: 18/24
 18746 | Lair:3   | Found a staircase to the Shoals.
 19397 | Lair:2   | Reached skill level 10 in Spellcasting
 20340 | Lair:4   | Found a hole to the Spider Nest.
 21002 | Lair:5   | Found a staircase to the Slime Pits.
 21077 | Lair:5   | Noticed Josephine
 21190 | Lair:5   | Reached ***** piety under Ashenzari
 21198 | Lair:5   | Reached skill level 20 in Stealth
 22123 | Lair:5   | Killed Josephine
 22126 | Lair:5   | Lost mutation: Your magical capacity is low. (-10% MP)
                  | [potion of mutation]
 22126 | Lair:5   | Lost mutation: You are partially covered in slimy green
                  | scales. (AC +2) [potion of mutation]
 22126 | Lair:5   | Lost mutation: You tend to lose your temper in combat.
                  | [potion of mutation]
 22126 | Lair:5   | Lost mutation: You are partially covered in molten scales.
                  | (AC +2) [potion of mutation]
 22126 | Lair:5   | Gained mutation: Your muscles are strong. (Str +2) [potion
                  | of mutation]
 22126 | Lair:5   | Gained mutation: Your spells are a little harder to cast,
                  | but a little more powerful. [potion of mutation]
 22374 | Lair:6   | Entered Level 6 of the Lair of Beasts
 22655 | Lair:6   | Noticed Urug
 22662 | Lair:6   | Killed Urug
 22680 | Lair:6   | Reached XP level 14. HP: 57/65 MP: 20/29
 24568 | Lair:1   | Identified a scroll of acquirement
 24569 | Lair:1   | Got the cursed buckler "Ulloup" {rElec rF+ rCorr}
 24757 | D:13     | Reached skill level 1 in Evocations
 25283 | D:13     | Found Ciobryiph's Antique Armour Shop.
 25680 | D:14     | Found a gate to the Vaults.
 25686 | D:14     | Got the cursed pair of gloves of Vygocydenu {rC+ Str+3
                  | Dex+3}
 25785 | D:14     | Noticed Snorg
 25796 | D:14     | Killed Snorg
 26037 | D:14     | Reached skill level 5 in Ice Magic
 26383 | D:15     | Entered Level 15 of the Dungeon
 26393 | D:15     | Found Fomo's Distillery.
 26402 | D:15     | Bought a potion of mutation for 128 gold pieces
 26402 | D:15     | Lost mutation: Your muscles are strong. (Str +2) [potion of
                  | mutation]
 26402 | D:15     | Lost mutation: Your spells are a little harder to cast, but
                  | a little more powerful. [potion of mutation]
 26402 | D:15     | Gained mutation: You are partially covered in yellow
                  | scales. (AC +2) [potion of mutation]
 26402 | D:15     | Gained mutation: You are agile. (Dex +2) [potion of
                  | mutation]
 26457 | D:15     | Found a gate leading to a gauntlet.
 26471 | Gauntlet | Entered a Gauntlet
 26471 | Gauntlet | Found a transporter.
 26471 | Gauntlet | Found a transporter.
 26480 | Gauntlet | Found a transporter.
 26488 | Gauntlet | Found a transporter.
 26509 | Gauntlet | Reached skill level 21 in Stealth
 26655 | Gauntlet | Found a transporter.
 26662 | Gauntlet | Found a transporter.
 26854 | Gauntlet | Found a transporter.
 26854 | Gauntlet | Found a transporter.
 26869 | Gauntlet | Reached skill level 10 in Dodging
 26881 | Gauntlet | Found a transporter.
 26943 | Gauntlet | Found a transporter.
 27336 | Gauntlet | Identified Efraceoh's Guide on Moulding
 27446 | D:15     | Found a shimmering altar of Xom.
 27447 | D:15     | Found the +7 mace of Variability {chain chaos}
 27567 | D:15     | Reached ****** piety under Ashenzari
 28188 | D:15     | Reached XP level 15. HP: 70/70 MP: 27/31
 28192 | D:15     | Learned a level 2 spell: Song of Slaying
 28195 | D:15     | Learned a level 2 spell: Blink
 28406 | D:15     | Found a staircase to the Depths.
 28631 | Orc:1    | Entered Level 1 of the Orcish Mines
 28631 | Orc:1    | Found Unocs's Antique Armour Boutique.
 28631 | Orc:1    | Noticed Sonja
 28894 | D:12     | Killed Sonja
 29301 | Orc:1    | Found Menoan's Assorted Antiques.
 29304 | Orc:1    | Found Kahuafis's Book Emporium.
 29324 | Orc:1    | Found a transporter.
 29519 | Orc:1    | Found a transporter.
 29765 | Orc:1    | Noticed Philosiphyzer's ghost (journeyman TrMo)
 29819 | Orc:2    | Entered Level 2 of the Orcish Mines
 29853 | Orc:2    | Found a staircase to the Elven Halls.
 29862 | Orc:2    | Noticed an orc warlord
 29942 | Orc:2    | Found Amuisuho's Magic Scroll Emporium.
 30958 | Orc:1    | Killed an orc warlord
 31499 | Orc:2    | Found Foxzif's Antique Armour Shop.
 31499 | Orc:2    | Found Cueckut's Antique Weapon Shop.
 31499 | Orc:2    | Found Bur Joapp's Jewellery Boutique.
 31502 | Orc:2    | Found Foepioro's Gadget Boutique.
 31509 | Orc:2    | Bought a faintly humming cloak for 342 gold pieces
 31509 | Orc:2    | Identified the cursed -2 cloak of Basi {Regen+ Int+10
                  | Dex-4} (You bought it in a shop on level 2 of the Orcish
                  | Mines)
 31594 | Orc:2    | Found a roughly hewn altar of Beogh.
 31997 | Elf:1    | Entered Level 1 of the Elven Halls
 32540 | Lair:1   | Lost mutation: You are partially covered in yellow scales.
                  | (AC +2) [potion of mutation]
 32540 | Lair:1   | Lost mutation: You are agile. (Dex +2) [potion of mutation]
 32540 | Lair:1   | Gained mutation: Your magical capacity is low. (-10% MP)
                  | [potion of mutation]
 32540 | Lair:1   | Gained mutation: You have large cloven feet. [potion of
                  | mutation]
 32588 | Lair:1   | Learned a level 5 spell: Irradiate
 32624 | D:7      | Bought an uncursed ring of poison resistance for 260 gold
                  | pieces
 32743 | Spider:1 | Entered Level 1 of the Spider Nest
 33047 | Spider:1 | Lost mutation: Your magical capacity is low. (-10% MP)
                  | [potion of mutation]
 33047 | Spider:1 | Lost mutation: You have large cloven feet. [potion of
                  | mutation]
 33047 | Spider:1 | Gained mutation: You are somewhat resistant to further
                  | mutation. [potion of mutation]
 33047 | Spider:1 | Gained mutation: Your mind is acute. (Int +2) [potion of
                  | mutation]
 33047 | Spider:1 | Gained mutation: You have sharp toenails. [potion of
                  | mutation]
 33573 | Spider:2 | Learned a level 2 spell: Swiftness
 33580 | Spider:2 | Learned a level 6 spell: Invisibility
 33603 | Spider:2 | Reached skill level 22 in Stealth
 33801 | Spider:2 | Gained mutation: You can translocate small distances at
                  | will. [mutagenic glow]
 33857 | Spider:2 | Identified the amulet "Diakaesk" {Faith rPois}
 35455 | Spider:4 | Entered Level 4 of the Spider Nest
 35479 | Spider:3 | Reached XP level 16. HP: 39/74 MP: 10/33
 36970 | Spider:4 | Reached skill level 23 in Stealth
 37299 | Spider:4 | Got a gossamer rune of Zot
 37766 | Shoals:1 | Entered Level 1 of the Shoals
 38644 | Shoals:2 | Reached skill level 10 in Short Blades
 38944 | Shoals:2 | Reached skill level 1 in Charms
 39092 | Shoals:2 | Found a runed translucent door.
 39580 | Shoals:2 | Reached skill level 15 in Dodging
 39664 | Shoals:2 | Found Irigur's Weapon Emporium.
 39737 | Shoals:2 | Reached XP level 17. HP: 30/79 MP: 25/35
 40181 | Shoals:2 | Noticed OdinFK's ghost (journeyman DEFE)
 40194 | Shoals:2 | Killed OdinFK's ghost
 40278 | Shoals:3 | Noticed Ilsuiw
 40307 | Shoals:3 | Killed Ilsuiw
 40402 | Shoals:2 | Gained mutation: You are weak. (Str -2) [mutagenic glow]
 41014 | Shoals:3 | Reached skill level 24 in Stealth
 41398 | Shoals:3 | Reached skill level 15 in Hexes
 41783 | Shoals:3 | Found a runed translucent gate.
 41784 | Shoals:3 | Found a runed translucent gate.
 41784 | Shoals:3 | Noticed Amuaxidi's ghost (adept FoCK)
 41785 | Shoals:3 | Identified the ring "Afixzome" {*Corrode rPois rF- rN+
                  | Str+8}
 41785 | Shoals:3 | Found a runed translucent gate.
 41803 | Shoals:3 | Killed Amuaxidi's ghost
 41854 | Shoals:3 | Found Ifatudik's Assorted Antiques.
 41871 | Shoals:3 | Bought a scroll of enchant weapon for 255 gold pieces
 41871 | Shoals:3 | Bought a thick paperback book for 510 gold pieces
 41962 | Shoals:4 | Entered Level 4 of the Shoals
 42435 | Shoals:4 | Found a frozen archway.
 42555 | IceCv    | Entered an ice cave
 42925 | IceCv    | Got the uncursed pair of boots of Bad Feelings {rPois
                  | Stlth+}
 43031 | IceCv    | HP: 2/79 [something (9)]
 43032 | IceCv    | Engulfed by a cloud of freezing vapour

Skill      XL: |  1  2  3  4  5  6  7  8  9 10 11 12 13 14 15 16 17 |
---------------+----------------------------------------------------+-----
Hexes          | 4 5 6 7 8 9 10 11 12 13 14 15 | 15.2
Stealth        | 5 6 7 8 11 13 14 16 17 19 20 21 22 23 24 | 24.6
Spellcasting   | 3 4 5 6 8 9 10 11 12 13 14 | 14.3
Short Blades   | 3 4 5 6 7 8 9 10 | 10.5
Fighting       | 1 2 3 4 |  4.8
Dodging        | 5 6 8 10 13 15 16 | 16.2
Shields        | 4 6 7 8 9 |  9.0
Ice Magic      | 1 3 4 5 6 |  6.6
Evocations     | 1 2 |  2.5
Charms         | 1 |  1.0
Translocations | |  0.6

Action                   |  1- 3 |  4- 6 |  7- 9 | 10-12 | 13-15 | 16-18 || total
-------------------------+-------+-------+-------+-------+-------+-------++-------
Melee: Dagger            |    75 |   101 |   217 |    98 |       |       ||   491
       Rapier            |       |       |       |   223 |   721 |   512 ||  1456
       Kick              |       |       |       |       |    18 |    93 ||   111
 Cast: Ensorcelled Hiber |    24 |    58 |    93 |   242 |   516 |   188 ||  1121
       Corona            |       |     3 |    20 |    20 |    36 |     2 ||    81
       Tukima's Dance    |       |       |       |     5 |     4 |       ||     9
       Regeneration      |       |       |       |       |     7 |     1 ||     8
       Confuse           |       |       |       |       |    40 |    49 ||    89
       Invisibility      |       |       |       |       |     4 |    20 ||    24
       Song of Slaying   |       |       |       |       |     4 |     2 ||     6
       Blink             |       |       |       |       |       |     2 ||     2
Invok: Curse Item        |       |       |       |     1 |     5 |       ||     6
 Abil: Evoke Flight      |       |       |       |       |     3 |    23 ||    26
  Use: Scroll            |       |     4 |     5 |     7 |    20 |     1 ||    37
       Potion            |       |       |    10 |     2 |     9 |     8 ||    29
 Stab: Sleeping          |    31 |    38 |    72 |   182 |   379 |   139 ||   841
       Distracted        |     1 |       |       |       |     4 |     2 ||     7
       Confused          |       |       |       |       |    13 |    31 ||    44
       Invisible         |       |       |       |       |     8 |    56 ||    64
       Held in net/web   |       |       |       |       |       |     1 ||     1
  Eat: Ration            |       |     2 |     2 |     5 |    10 |     7 ||    26
Armor: Robe              |     5 |    33 |    23 |    39 |     7 |       ||   107
       Steam dragon scal |       |       |       |       |    23 |    18 ||    41
       Skin              |       |       |       |       |       |    13 ||    13
Dodge: Dodged            |    53 |   143 |   163 |   238 |   497 |   466 ||  1560
       Deflected         |       |       |       |       |     6 |    11 ||    17
Block: Buckler           |       |       |       |    97 |   331 |   274 ||   702
